 Dungeon Crawl Stone Soup version 0.30-a0-364-gf6b3ef1049 (webtiles) character file.

Game seed: 6198613369046085501

2476 koil the Grappler (level 9, -1/132 HPs)
             Began as a Troll Berserker on Nov 16, 2022.
             Was an Elder of Trog.
             Shot with an arrow by a centaur (6 damage)
             ... on level 7 of the Dungeon.
             The game lasted 00:11:46 (5359 turns).

koil the Grappler (Troll Berserker)                 Turns: 5359, Time: 00:11:47

Health: -1/132     AC:  6    Str: 31    XL:     9   Next: 27%
Magic:  8/8        EV: 12    Int:  3    God:    Trog [****..]
Gold:   300        SH:  0    Dex: 15    Spells: 8/8 levels left

rFire   . . .      SeeInvis .      - Unarmed
rCold   . . .      Faith    .    (no shield)
rNeg    . . .      Spirit   .    H - +2 robe {Will+}
rPois   .          Reflect  .    (helmet restricted)
rElec   .          Harm     .    (no cloak)
rCorr   .          Rampage  .    (gloves unavailable)
Will    +....                    (boots unavailable)
Stlth   ..........               (no amulet)
HPRegen 1.22/turn                G - +6 ring of dexterity
MPRegen 0.11/turn                (no ring)

@: berserking, very quick
A: large, unfitting armour, claws 3, regeneration 1, shaggy fur 1, tough skin 1
a: Renounce Religion, Berserk, Trog's Hand, Brothers in Arms


You were on level 7 of the Dungeon.
You worshipped Trog.
Trog was greatly pleased with you.
You visited 1 branch of the dungeon, and saw 7 of its levels.

You collected 300 gold pieces.

Inventory:

Hand Weapons
 s - a +0 arbalest
Missiles
 l - 8 poisoned darts (quivered)
 J - a throwing net {!f}
Armour
 a - a +0 animal skin
 E - an orb of light
 H - a +2 robe of willpower (worn)
Jewellery
 r - a ring of magical power
 G - a +6 ring of dexterity (left claw)
Wands
 n - a wand of flame (66)
 p - a wand of quicksilver (2)
 F - a wand of digging (6)
Scrolls
 d - a scroll of enchant armour {unknown}
 f - 2 scrolls of fear {unknown}
 g - 3 scrolls of teleportation {unknown}
 m - 7 scrolls of identify {unknown}
 o - 7 scrolls of butterflies {unknown}
 q - 7 scrolls of blinking {unknown}
 t - 2 scrolls of amnesia {unknown}
 u - 2 scrolls of enchant weapon {unknown}
 x - a scroll of silence {unknown}
 y - 2 scrolls of noise {unknown}
 B - 2 scrolls of summoning {unknown}
 D - a scroll of vulnerability {unknown}
 K - a scroll of magic mapping {unknown}
 L - a scroll of poison {unknown}
Potions
 b - 2 potions of lignification {unknown}
 c - 3 potions of invisibility {unknown}
 e - 4 potions of ambrosia {unknown}
 h - 3 potions of mutation {unknown}
 i - 6 potions of curing {unknown}
 j - 2 potions of might {unknown}
 k - a potion of brilliance {unknown}
 v - 2 potions of resistance {unknown}
 w - 2 potions of flight {unknown}
 z - a potion of attraction {unknown}
 A - 2 potions of degeneration {unknown}
 C - a potion of cancellation {unknown}
 I - a potion of heal wounds {unknown}
 M - a potion of haste {unknown}


   Skills:
 + Level 5.2 Fighting
 + Level 4.4 Armour
 + Level 5.2 Dodging
 * Level 8.6 Unarmed Combat


You had 8 spell levels left.
You didn't know any spells.
Your spell library was empty.

Dungeon Overview and Level Annotations

Branches:
Dungeon (7/15)             Temple (0/1) D:7

Altars:
Ashenzari
Gozag
Hepliaklqana
Kikubaaqudgha
Makhleb
Nemelex Xobeh
Qazlal
Sif Muna
Uskayaw
Vehumet
Wu Jian
Yredelemnul

Annotations:
D:7 3 exclusions


Innate Abilities, Weirdness & Mutations

You are too large for most types of armour.
You have claws for hands.
Your natural rate of healing is unusually fast.
You are covered in fur. (AC +1)
You have tough skin. (AC +1)


Message History

[Y]es or [N]o only, please.
Really walk into a travel-excluded area?
A centaur comes into view.
The centaur shouts! x2; You hear a shout!
The centaur shoots an arrow.
The arrow hits you!
The centaur wields a +0 shortbow.
The centaur shoots an arrow.
The arrow hits you!
The centaur shoots an arrow.
The arrow barely misses you.
Really walk into a travel-excluded area? [Y]es or [N]o only, please.
Really walk into a travel-excluded area? [Y]es or [N]o only, please.
Really walk into a travel-excluded area?
Okay, then.
Really walk into a travel-excluded area?
The centaur shouts!
A centaur comes into view.
The centaur shoots an arrow.
The arrow barely misses you.
The centaur wields a +0 shortbow.
The centaur shoots an arrow.
The arrow hits you!
The centaur shoots an arrow.
The arrow hits you.
The centaur shoots an arrow.
The arrow hits you.
The centaur shoots an arrow.
The arrow hits you!
The centaur shoots an arrow.
The arrow hits you.
The centaur shoots an arrow.
The arrow hits you.
The centaur shoots an arrow.
The arrow completely misses you.
The centaur shoots an arrow.
The arrow hits you!
The centaur shouts!
The centaur shoots an arrow.
The arrow hits you!
* * * LOW HITPOINT WARNING * * *
The centaur shoots an arrow.
The arrow hits you!
* * * LOW HITPOINT WARNING * * *
The centaur shoots an arrow.
The arrow hits you.
* * * LOW HITPOINT WARNING * * *
Okay, then.
A red film seems to cover your vision as you go berserk!
You feel yourself moving faster!
You feel mighty!
The centaur shoots an arrow.
The arrow hits you.
* * * LOW HITPOINT WARNING * * *
The centaur shoots an arrow.
The arrow hits you!
* * * LOW HITPOINT WARNING * * *
The centaur shoots an arrow.
The arrow hits you.
You die...

##≈≈≈≈≈≈≈≈≈≈......c.≈≈≈≈
#.≈≈≈≈≈≈≈≈≈≈≈c..ccc≈≈≈≈
#.≈≈≈≈≈≈≈≈≈≈≈≈≈c.≈≈≈≈≈≈
#.#≈≈≈≈≈≈≈≈≈≈≈≈≈≈≈≈≈≈≈
#..###≈≈≈≈≈≈≈≈≈≈≈≈≈≈≈.
##.....#..≈≈≈≈≈≈≈≈##.#
#####....#≈≈≈≈.#.##.#
#........#.†.##.#
#..#####@###.##.### #..#
#.##.......#
#..#####.##..##.#.#
#............##.#.#
##.#####....###.#.# #.#
#...|.......# #####
#.####.##..##.##.# #(...
#..............#.###.###
######.##..##..#.##...##


You could see 5 centaurs.

Vanquished Creatures
  Pikel (D:5)
  A wyvern (D:7)
  A water moccasin (D:7)
  2 sky beasts
  A black bear (D:5)
  An ice beast (D:7)
  A centaur (D:7)
  2 ogres
  3 necrophages
  5 scorpions
  A jelly (D:6)
  2 howler monkeys (D:7)
  3 hounds
  An orc priest (D:3)
  3 iguanas
  Ijyb (D:2)
  2 orc wizards
  14 adders
  A gnoll (D:3)
  2 white imps (D:6)
  2 ufetubi
  2 worms
  5 dart slugs
  11 orcs
  5 bats
  12 endoplasms
  5 giant cockroaches
  17 goblins
  7 hobgoblins
  3 jackals (D:3)
  6 kobolds
  4 quokkas
  10 ball pythons
  5 frilled lizards
  6 rats
  4 plants (D:2)
152 creatures vanquished.

Notes
Turn   | Place    | Note
-------+----------+-------------------------------------------
     0 | D:1      | koil the Troll Berserker began the quest for the Orb.
     0 | D:1      | Reached XP level 1. HP: 22/22 MP: 0/0
   112 | D:1      | Reached XP level 2. HP: 29/29 MP: 1/1
   486 | D:1      | Reached XP level 3. HP: 36/36 MP: 2/2
   666 | D:2      | Reached ** piety under Trog
   899 | D:2      | Noticed Ijyb
   903 | D:2      | Reached skill level 1 in Armour
   918 | D:2      | Killed Ijyb
   919 | D:2      | Reached XP level 4. HP: 44/44 MP: 3/3
   923 | D:2      | Reached skill level 4 in Unarmed Combat
  1553 | D:3      | Reached XP level 5. HP: 52/53 MP: 4/4
  1573 | D:3      | Reached *** piety under Trog
  2185 | D:3      | Reached XP level 6. HP: 60/61 MP: 5/5
  2355 | D:4      | HP: 9/61 [scorpion (6)]
  2357 | D:4      | Reached skill level 5 in Unarmed Combat
  2360 | D:4      | HP: 9/61 [poisoned by a scorpion]
  2576 | D:4      | Reached XP level 7. HP: 51/67 MP: 6/6
  3024 | D:4      | Found a sparkling altar of Nemelex Xobeh.
  3160 | D:5      | Entered Level 5 of the Dungeon
  3186 | D:5      | HP: 17/102 [orc/+0 mace (7)]
  3191 | D:5      | HP: 16/102 [orc/+0 short sword (1)]
  3259 | D:5      | Noticed Pikel
  3282 | D:5      | Killed Pikel
  3283 | D:5      | Reached skill level 6 in Unarmed Combat
  3283 | D:5      | Reached XP level 8. HP: 78/78 MP: 7/7
  3430 | D:5      | Reached skill level 7 in Unarmed Combat
  3463 | D:5      | Found a broken altar of Ashenzari.
  4088 | D:6      | Reached **** piety under Trog
  4541 | D:6      | Found a burning altar of Makhleb.
  4543 | D:6      | Found an ornate altar of the Wu Jian Council.
  4547 | D:6      | Found an opulent altar of Gozag.
  4548 | D:6      | Found a shimmering blue altar of Sif Muna.
  4548 | D:6      | Found a radiant altar of Vehumet.
  4548 | D:6      | Found an ancient bone altar of Kikubaaqudgha.
  4548 | D:6      | Found a hide-covered altar of Uskayaw.
  4549 | D:6      | Found a stormy altar of Qazlal.
  4550 | D:6      | Found a basalt altar of Yredelemnul.
  4551 | D:6      | Found a hazy altar of Hepliaklqana.
  4747 | D:7      | Reached skill level 8 in Unarmed Combat
  4764 | D:7      | Reached skill level 5 in Dodging
  4796 | D:7      | Reached skill level 5 in Fighting
  4796 | D:7      | Reached XP level 9. HP: 80/88 MP: 8/8
  5110 | D:7      | Found a staircase to the Ecumenical Temple.
  5358 | D:7      | HP: 11/88 [centaur/arrow (9)]
  5359 | D:7      | HP: 5/132 [centaur/arrow (8)]
  5359 | D:7      | Shot with an arrow by a centaur

Illustrated notes

Levels and vault maps discovered:
D:1:      onia_arrival_pyramid, layout_basic
D:2:      kennysheep_the_goblin_king, layout_loops_ring, serial_forest,
          infiniplex_forest_clump_small, infiniplex_forest_diagonal,
          infiniplex_forest_straight_2, infiniplex_forest_zigzag_2,
          infiniplex_forest_corner_2, infiniplex_forest_lined_3_way,
          infiniplex_forest_end_2, infiniplex_forest_clump_long, minmay_tall_x
D:3:      minmay_chambers_of_threes, layout_basic
D:4:      layout_gridville, kennysheep_mini
D:5:      minmay_general_purpose_star, layout_cave_pools,
          mainiacjoe_overflow_six_doors_small, serial_rivers,
          chequers_serial_rivers_micro_e, chequers_serial_rivers_large_b,
          chequers_serial_rivers_room_b, chequers_serial_rivers_micro_a,
          chequers_serial_rivers_micro_c, uniq_pikel
D:6:      layout_basic, minitemple
D:7:      layout_loops_ring, lemuel_temple_firewalk_b, centaur_isle

Skill      XL: |  1  2  3  4  5  6  7  8 |
---------------+-------------------------+-----
Armour         | 1 2 3 4 |  4.4
Unarmed Combat | 4 5 6 8 |  8.6
Dodging        | 3 4 5 |  5.2
Fighting       | 3 4 5 |  5.2

Action                   |  1- 3 |  4- 6 |  7- 9 || total
-------------------------+-------+-------+-------++-------
Melee: Unarmed           |   103 |   172 |   164 ||   439
       Punch             |     2 |     5 |    10 ||    17
Invok: Berserk           |       |       |     3 ||     3
 Stab: Sleeping          |       |       |     1 ||     1
Armor: Animal skin       |    32 |    37 |    23 ||    92
       Robe              |       |       |    39 ||    39
Dodge: Dodged            |    70 |    70 |    93 ||   233

Table legend: (Time is in decaauts)
 A = Elapsed time spent in this place.
 B = Non-inter-level travel time spent in this place.
 C = Inter-level travel time spent in this place.
 D = Time resting spent in this place.
 E = Time spent auto-exploring this place.
 F = Levels seen in this place.
 G = Mean time per level.
                   A        B        C        D        E       F      G
               +--------+--------+--------+--------+--------+-----+--------+
         Total |   5353 |   5228 |    125 |    162 |   4062 |   7 |  764.7 |
       Dungeon |   5353 |   5228 |    125 |    162 |   4062 |   7 |  764.7 |
               +--------+--------+--------+--------+--------+-----+--------+

Top non-repeatable levels by time:
     D:2: 879 daAuts
     D:4: 820 daAuts
     D:3: 800 daAuts
     D:6: 796 daAuts
     D:5: 764 daAuts
     D:7: 659 daAuts
     D:1: 633 daAuts
